 Seeded DCSS version 0.27.1-2-g3b301248ec (webtiles) character file.

Game seed: 7426830541953860902 (custom seed)

38945 donath the Basher (level 14, -10/90 HPs)
             Began as an Octopode Abyssal Knight on Sept 27, 2021.
             Was an Elder of Lugonu.
             Mangled by a thrashing horror (16 damage)
             ... summoned by Lugonu's corruption
             ... in an ice cave on Sept 28, 2021.
             The game lasted 07:21:05 (30414 turns).

donath the Basher (Octopode Abyssal Knight)        Turns: 30414, Time: 07:21:05

Health: -10/90     AC:  1    Str: 17    XL:     14   Next: 4%
Magic:  16/24      EV: 13    Int: 18    God:    Lugonu [****..]
Gold:   604        SH: 10    Dex: 11    Spells: 7/27 levels left

rFire    . . .     SeeInvis .   a - +10 spear "Todyijaje" {venom, rC+ Str+4}
rCold    + . .     Faith    .   p - +0 kite shield
rNeg     + . .     Spirit   .   (helmet restricted)
rPois    .         Reflect  .   M - amulet of the acrobat
rElec    .         Harm     .   E - ring of positive energy
rCorr    .         Rampage  .   s - ring of wizardry
Will     +....                  (no ring)
Stlth    +++++.....             (no ring)
HPRegen  0.25/turn              (no ring)
MPRegen  0.19/turn              (no ring)
                                (no ring)
                                (no ring)

@: no status effects
A: almost no armour, amphibious, 8 rings, camouflage 1, gelatinous body 1,
(nimble swimmer 1), tentacles
a: Renounce Religion, Depart the Abyss, Bend Space, Banish, Corrupt


You were in an ice cave.
You worshipped Lugonu.
Lugonu was greatly pleased with you.
You visited 4 branches of the dungeon, and saw 18 of its levels.
You visited the Abyss 1 time.
You also visited: Sewer, Bailey and Ice Cave.

You collected 1254 gold pieces.
You spent 650 gold pieces at shops.

Inventory:

Hand Weapons
 a - the +10 spear "Todyijaje" (weapon) {venom, rC+ Str+4}
   (You found it on level 2 of the Lair of Beasts)

   It poisons the flesh of those it strikes.
   Str:       It affects your strength (+4).
   rC:        It protects you from cold.
 b - a +3 shortbow of flaming
 h - a +0 vampiric spear
 v - the +9 staff of Olgreb {rPois∞}
   (You found it on level 2 of the Lair of Beasts)

   If the wielder is skilled in Evocations, they can envenom those struck by it,
   dealing poison damage which bypasses armour.
   It enhances your poison magic.
   It grants immunity to poison.
   It can be evoked to radiate toxic energy, with effectiveness depending on
   Evocations skill.
 z - the +8 whip "Snakebite" {venom, curare, rPois}
   (You bought it in a shop on level 2 of the Dungeon)

   It poisons the flesh of those it strikes.
   It occasionally inflicts asphyxiating poison on those it strikes, dealing
   poison damage and causing slowness.
   rPois:     It protects you from poison.
 X - a +2 demon whip of freezing
 Y - a +0 broad axe of freezing
Missiles
 c - 300 arrows
 l - 26 boomerangs
 m - 8 curare-tipped darts (quivered)
 t - 73 poisoned darts
 K - 8 throwing nets
Armour
 p - a +0 kite shield (worn)
Magical Staves
 D - a staff of conjuration
 W - a staff of cold
Jewellery
 g - a ring of fire
 s - a ring of wizardry (right tentacle)
 E - a ring of positive energy (left tentacle)
 M - an amulet of the acrobat (around mantle)
 O - the ring of Pride {*Corrode *Slow AC+4 Str+8}
   (You found it on level 1 of the Lair of Beasts)

   [ring of protection]

   AC:        It affects your AC (+4).
   Str:       It affects your strength (+8).
   *Corrode:  It may corrode you when you take damage.
   *Slow:     It may slow you when you take damage.
 Q - an amulet of magic regeneration
 T - a ring of fire
Wands
 d - a wand of mindburst (34)
 i - a wand of iceblast (19)
 r - a wand of digging (6)
 B - a wand of acid (17)
 F - a wand of paralysis (4)
 N - a wand of polymorph (20)
Scrolls
 o - 7 scrolls of teleportation
 u - 2 scrolls of enchant armour {unknown}
 w - a scroll of fear {unknown}
 y - a scroll of magic mapping {unknown}
 G - a scroll of blinking {unknown}
 H - a scroll of silence {unknown}
 I - 2 scrolls of immolation
 P - a scroll of identify
 S - a scroll of fog {unknown}
Potions
 e - a potion of ambrosia
 f - 3 potions of flight
 j - a potion of mutation
 k - 8 potions of curing
 n - a potion of invisibility
 q - 4 potions of might
 x - 2 potions of brilliance
 A - a potion of resistance
 C - a potion of lignification
 J - 2 potions of magic
 U - a potion of heal wounds
 V - a potion of cancellation
Miscellaneous
 L - a tin of tremorstones (2/2)
 R - a phantom mirror (inert)


   Skills:
 - Level 6.0 Fighting
 - Level 10.0 Maces & Flails
 - Level 2.0 Polearms
 - Level 6.0 Bows
 - Level 2.0 Throwing
 + Level 5.4 Dodging
 - Level 9.0 Stealth
 - Level 8.0 Shields
 - Level 6.0 Unarmed Combat
 - Level 7.0 Spellcasting
 - Level 2.0 Conjurations
 - Level 2.0 Hexes
 - Level 3.0 Transmutations
 - Level 7.1 Ice Magic
 - Level 1.0 Air Magic
 - Level 1.0 Earth Magic
 - Level 7.0 Poison Magic
 - Level 9.0 Invocations
 - Level 5.7 Evocations


You had 7 spell levels left.
You knew the following spells:

 Your Spells              Type           Power      Damage    Failure   Level
a - Olgreb's Toxic Radia  Pois           31%        N/A       6%          4
b - Frozen Ramparts       Ice            64%        1d8       1%          3
c - Ozocubu's Armour      Ice            32%        N/A       1%          3
d - Ice Form              Ice/Tmut       24%        N/A       13%         4
e - Slow                  Hex            13%        N/A       7%          2
f - Poisonous Vapours     Pois/Air       40%        N/A       3%          2
g - Passwall              Tmut/Erth      10%        N/A       7%          2

Your spell library contained the following spells:

 Spells                   Type           Power      Damage    Failure   Level
 Freeze                   Ice            100%       1d11      1%          1
 Sting                    Tmut/Pois      96%        1d7       1%          1
 Ensorcelled Hibernation  Hex/Ice        44%        N/A       2%          2
 Spider Form              Tmut/Pois      12%        N/A       4%          3
 Corpse Rot               Necr/Air       N/A        N/A       13%         2
 Dazzling Flash           Conj/Hex       26%        N/A       14%         3
 Sublimation of Blood     Necr           3%         N/A       16%         2
 Hailstorm                Conj/Ice       22%        3d7       16%         4
 Swiftness                Air            9%         N/A       21%         3
 Summon Ice Beast         Ice/Summ       19%        N/A       24%         4
 Metabolic Englaciation   Hex/Ice        11%        N/A       38%         5
 Cause Fear               Hex            6%         N/A       41%         4
 Petrify                  Tmut/Erth      13%        N/A       41%         4
 Dispel Undead            Necr           6%         3d8       67%         4
 Irradiate                Conj/Tmut      7%         3d16      67%         5
 Simulacrum               Ice/Necr       9%         N/A       97%         6
 Ozocubu's Refrigeration  Ice            16%        4d8       98%         7
 Invisibility             Hex            6%         N/A       99%         6
 Death Channel            Necr           3%         N/A       100%        6
 Shadow Creatures         Summ           N/A        N/A       100%        6


Dungeon Overview and Level Annotations

Branches:
Dungeon (13/15)            Temple (1/1) D:6            Lair (3/6) D:9
    Orc (1/2) D:10          Sewer (visited)          Bailey (visited)
  IceCv (1/1)
  Swamp: Lair:2-4    Shoals: Lair:2-4     Snake: Lair:2-4    Spider: Lair:2-4
 Vaults: D:13-14

Altars:
Ashenzari
Cheibriados
Dithmenos
Elyvilon
Fedhas
Gozag
Hepliaklqana
Kikubaaqudgha
Makhleb
Nemelex Xobeh
Okawaru
Qazlal
Ru
Sif Muna
Trog
Uskayaw
Vehumet
Wu Jian
Xom
Yredelemnul
Zin
The Shining One
Lugonu

Shops:
D:2 (   D:9 !!*

Portals:
Abyss: D:1

Annotations:
D:7 exclusion: two-headed ogre
D:8 exclusion: cyclops
D:11 exclusions: downstairs and vampire
D:12 3 runed translucent doors, exclusion: downstairs, pkoi's ghost, novice TrMo
D:13 exclusion: vampire
Lair:1 Erica
Lair:2 exclusion: upstairs
Lair:3 Urug IceCv corrupted


Innate Abilities, Weirdness & Mutations

You cannot wear most types of armour.
You are amphibious.
You can wear up to eight rings at the same time.
Your skin changes colour to match your surroundings (Stealth+).
Your rubbery body absorbs attacks. (AC +1, EV +1)
((You are camouflaged near water. (Stealth+)))
You have tentacles for arms and can constrict up to eight enemies at once.


Message History

The frost giant hits your frost giant with a +2 battleaxe of freezing.
Your frost giant hits the frost giant with a +2 battleaxe of freezing!!
Your frost giant freezes the frost giant.
Reach: a) +10 spear "Todyijaje" {venom, rC+ Str+4}
Press: ? - help, Dir - move target, f/p - frost giant
Aim: a frost giant, wielding a +2 battleaxe of freezing (heavily wounded, very poisoned, slow, ally target, about 10% to evade the +10 spear "Todyijaje")
You could not reach far enough!
Your frost giant hits the frost giant with a +2 battleaxe of freezing!
The frost giant points at you and mumbles some strange words.
The bolt of cold hits your frost giant.
Your frost giant resists.
The bolt of cold hits you!! You resist.
Press: ? - help, v - describe, . - travel
Here: a frost giant, wielding a +2 battleaxe of freezing (severely wounded, very poisoned, slow, ally target)
The floor, spattered with blood.
Your frost giant shimmers and vanishes!
Press: ? - help, Shift-Dir - straight line, f/p - frost giant
Aim: a frost giant, wielding a +2 battleaxe of freezing (severely wounded, poisoned, chance to affect: 39%)
Okay, then.
Aiming: Mindburst
Press: ? - help, Shift-Dir - straight line, f/p - frost giant
Aim: a frost giant, wielding a +2 battleaxe of freezing (severely wounded, poisoned, chance to affect: 37%)
Okay, then.
Aiming: Paralyse
Press: ? - help, Shift-Dir - straight line, f/p - frost giant
Aim: a frost giant, wielding a +2 battleaxe of freezing (severely wounded, poisoned, chance to affect: 15%)
Okay, then.
Press: ? - help, Shift-Dir - straight line, f/p - frost giant
Aim: a frost giant, wielding a +2 battleaxe of freezing (severely wounded, poisoned, chance to affect: 39%)
Okay, then.
Okay, then.
Lugonu's Hand of Corruption reaches out!
The frost giant gestures at you while chanting.
The bolt of cold hits you!! You resist.
* * * LOW HITPOINT WARNING * * *
The bolt of cold hits the small abomination!!
The small abomination is destroyed!
The bolt of cold hits the hellwing!!
Space bends around you!
You blink.
The thrashing horror tramples you!
You die...

#### ##..# ##...##
###### ##..#..# ##4#.z
#..##..## ##..x.#
#..###..# ###...F####
##C.# #..## #..DXx...4#
#..## ##.C# #.#4x..R@.W#
##.# #..# #5..u..xX##
#..# ##.## #####
G#3#§(.#.X###.## #..#
##..## ###..##C#X.###..#
##.#
.....###.....X..xx....##
#.#
..†...#.......##.....##
#..
.Y##....##.3.###.....#
##.
#####..###.....##...# #.
# #### #.....# #.#. #.


You could see a frost giant (poisoned), a neutral bone dragon (summoned), a
neutral starcursed mass (summoned, wandering), a neutral white very ugly thing
(summoned), a neutral thrashing horror (summoned), 2 neutral large abominations,
a neutral hellwing (summoned), a neutral worldbinder (summoned), a neutral smoke
demon (summoned, wandering), a neutral efreet (summoned), a neutral blink frog
(summoned), a neutral ynoxinul (summoned), 2 neutral chaos spawn, a neutral
wraith (summoned), 4 neutral small abominations, a neutral quasit (summoned,
wandering) and a neutral golden eye (summoned).

Vanquished Creatures
  2 two-headed ogres
  7 death yaks
  Pikel (D:3)
  A deep elf pyromancer (D:13)
  3 ugly things
  A cyclops (D:13)
  A manticore (D:13)
  4 cane toads
  An ice statue (IceCv)
  2 gargoyles
  5 rime drakes
  3 komodo dragons
  An unseen horror (D:12)
  A kobold demonologist (D:6)
  4 polar bears (IceCv)
  A troll (D:13)
  A hornet (D:10)
  7 blink frogs
  2 shadows
  Sigmund (D:4)
  A basilisk (Lair:2)
  2 wyverns
  A wraith (D:12)
  43 yaks
  5 vampire mosquitoes
  A steam dragon (D:9)
  Menkaure (D:4)
  A death yak simulacrum (Lair:3)
  Duvessa (D:5)
  2 wargs (D:10)
  6 water moccasins
  4 orc warriors
  3 necrophages
  2 sky beasts (D:7)
  An ice beast (D:7)
  A black bear (D:5)
  4 ogres
  13 centaurs
  6 wolves (IceCv)
  2 phantoms
  9 kobold brigands
  Blork the orc (D:4)
  6 bullfrogs
  8 gnoll sergeants (Bailey)
  2 scorpions
  Dowan (D:5)
  4 killer bees (D:6)
  7 wights
  3 howler monkeys
  3 centaur zombies
  5 hounds
  4 orc priests
  A centaur skeleton (D:6)
  6 gnoll shamans (Bailey)
  2 jellies (D:5)
  Jessica (D:2)
  3 iguanas
  10 orc wizards
  7 hell rats (Lair:2)
  A polar bear simulacrum (Lair:3)
  2 killer bee zombies
  2 human simulacra (D:9)
  A howler monkey zombie (D:8)
  Robin (D:2)
  17 gnolls
  2 howler monkey skeletons (D:6)
  10 adders
  5 river rats
  2 white imps
  An adder skeleton (D:4)
  3 dart slugs
  9 worms
  24 orcs
  4 bats
  12 endoplasms
  3 giant cockroaches
  18 goblins
  7 hobgoblins
  10 jackals
  16 kobolds
  A quokka (D:1)
  8 ball pythons
  4 frilled lizards
  15 rats
410 creatures vanquished.

Vanquished Creatures (others)
  An orc (D:9)
  4 fungi
  14 plants
19 creatures vanquished.

Grand Total: 429 creatures vanquished

Notes
Turn   | Place    | Note
-------+----------+-------------------------------------------
     0 | Abyss:1  | donath the Octopode Abyssal Knight began the quest for the
                  | Orb.
     0 | Abyss:1  | Reached XP level 1. HP: 16/16 MP: 2/2
    56 | Abyss:1  | Noticed a large abomination
    72 | Abyss:1  | Noticed a guardian serpent
    81 | Abyss:1  | Noticed a large abomination
    96 | Abyss:2  | Noticed a rust devil
   173 | Abyss:3  | Noticed a large abomination
   186 | Abyss:3  | Noticed a large abomination
   211 | Abyss:4  | Noticed a rakshasa
   239 | Abyss:4  | Noticed a large abomination
   245 | Abyss:4  | Noticed an ettin simulacrum
   253 | D:1      | Escaped the Abyss
   559 | D:1      | Reached * piety under Lugonu
   574 | D:1      | Reached XP level 2. HP: 19/21 MP: 3/3
   667 | D:1      | Found a faded altar of an unknown god.
  1058 | D:1      | Reached XP level 3. HP: 26/26 MP: 4/4
  1308 | D:1      | Found a corrupted altar of Lugonu.
  1308 | D:1      | Found a one-way gate to the infinite horrors of the Abyss.
  1355 | D:1      | Reached skill level 1 in Stealth
  1809 | D:2      | Found Nefaothro's Weapon Shop.
  1951 | D:2      | Noticed Jessica
  1967 | D:2      | Killed Jessica
  1968 | D:2      | Reached XP level 4. HP: 23/31 MP: 5/5
  2109 | D:2      | Reached ** piety under Lugonu
  2194 | D:2      | Reached skill level 1 in Spellcasting
  2417 | D:2      | Reached XP level 5. HP: 36/36 MP: 7/7
  2560 | D:2      | Noticed Robin
  3131 | D:3      | Found a radiant altar of Vehumet.
  3418 | D:3      | Found a glowing drain.
  3479 | D:3      | Learned a level 1 spell: Freeze
  3586 | Sewer    | Entered a sewer
  3606 | Sewer    | Noticed a kobold brigand
  3615 | Sewer    | Killed a kobold brigand
  3616 | Sewer    | Reached XP level 6. HP: 33/42 MP: 7/9
  4044 | Sewer    | Reached skill level 1 in Poison Magic
  4143 | Sewer    | Reached skill level 5 in Unarmed Combat
  4422 | Sewer    | Reached XP level 7. HP: 27/46 MP: 10/10
  4617 | Sewer    | Reached skill level 1 in Throwing
  4901 | Sewer    | Reached *** piety under Lugonu
  5081 | D:3      | Found a sparkling altar of Nemelex Xobeh.
  5173 | D:4      | Noticed Pikel
  5229 | D:4      | Noticed Menkaure
  5360 | D:3      | Reached skill level 1 in Ice Magic
  6261 | D:2      | Killed Robin
  6406 | D:1      | Noticed a demonic crawler
  6557 | D:4      | Noticed Blork the orc
  6560 | D:4      | Reached XP level 8. HP: 37/52 MP: 11/11
  6636 | D:4      | Noticed Sigmund
  6862 | D:3      | Learned a level 3 spell: Frozen Ramparts
  6993 | D:3      | Killed Pikel
  7254 | D:5      | Entered Level 5 of the Dungeon
  7254 | D:5      | Noticed Duvessa
  7502 | D:5      | Reached skill level 5 in Stealth
  7566 | D:5      | Reached skill level 1 in Maces & Flails
  7619 | D:5      | Reached XP level 9. HP: 48/56 MP: 12/12
  7853 | D:5      | Reached skill level 5 in Invocations
  7882 | D:5      | Reached skill level 2 in Maces & Flails
  7905 | D:5      | Noticed Dowan
  7916 | D:5      | Killed Dowan
  7943 | D:5      | Killed Duvessa
  7944 | D:5      | Reached skill level 1 in Evocations
  8320 | D:5      | Reached skill level 5 in Ice Magic
  8944 | D:6      | Found a shimmering altar of Xom.
  9037 | D:6      | Got the Reference Book on Bewitchment
  9139 | D:6      | Found a staircase to the Ecumenical Temple.
  9150 | Temple   | Entered the Ecumenical Temple
 10582 | D:6      | Reached skill level 5 in Dodging
 10592 | D:6      | Noticed a kobold demonologist
 10627 | D:6      | Noticed an orange demon
 10627 | D:6      | Killed a kobold demonologist
 12166 | D:7      | Noticed a two-headed ogre
 12269 | D:7      | Noticed a hornet
 12447 | D:7      | Reached XP level 10. HP: 63/63 MP: 14/14
 12536 | D:7      | Learned a level 2 spell: Slow
 12539 | D:7      | Learned a level 2 spell: Poisonous Vapours
 12606 | D:7      | Learned a level 3 spell: Ozocubu's Armour
 12650 | D:7      | Found a basalt altar of Yredelemnul.
 12732 | D:7      | Reached skill level 3 in Maces & Flails
 12732 | D:7      | Reached skill level 1 in Shields
 12800 | D:7      | Reached skill level 6 in Maces & Flails
 12800 | D:7      | Reached skill level 5 in Shields
 12800 | D:7      | Reached XP level 11. HP: 69/69 MP: 15/18
 12841 | D:7      | Reached **** piety under Lugonu
 12903 | D:7      | Reached skill level 1 in Hexes
 13143 | D:7      | Learned a level 4 spell: Olgreb's Toxic Radiance
 13316 | D:7      | Reached skill level 1 in Bows
 13626 | D:7      | Found a shimmering blue altar of Sif Muna.
 13795 | D:8      | Learned a level 4 spell: Ice Form
 13814 | D:8      | Found a stormy altar of Qazlal.
 13838 | D:8      | Noticed a cyclops
 13929 | D:8      | Found an ancient bone altar of Kikubaaqudgha.
 14086 | D:8      | Reached skill level 1 in Transmutations
 14172 | D:8      | Found a burning altar of Makhleb.
 14245 | D:9      | Found Yczatt's Assorted Antiques.
 14281 | D:9      | Found Purrefuy's Distillery.
 14283 | D:9      | You fall into a shaft and drop 3 floors!
 14291 | D:12     | Noticed a manticore
 14292 | D:12     | Banished a manticore
 14293 | D:12     | Reached skill level 5 in Poison Magic
 14587 | D:12     | Reached skill level 5 in Fighting
 14588 | D:12     | Reached skill level 1 in Air Magic
 14588 | D:12     | Noticed a boulder beetle
 14609 | D:12     | Banished a boulder beetle
 15328 | D:11     | Identified the +2 robe of Dishonour {*Corrode Regen+ Dex+4}
 15338 | D:10     | Entered Level 10 of the Dungeon
 15658 | D:10     | Noticed a two-headed ogre
 15740 | D:10     | Found a staircase to the Orcish Mines.
 15794 | D:10     | Found a flagged portal.
 15893 | Bailey   | Entered a bailey
 17287 | D:9      | Found Zifadgh's Distillery.
 17291 | D:9      | Identified the +2 scale mail "Plog" {Rampage Regen+ Stlth+}
 18225 | D:2      | Bought the +8 whip "Snakebite" {venom, curare, rPois} for
                  | 650 gold pieces
 18225 | D:2      | Found the +8 whip "Snakebite" {venom, curare, rPois}
 18379 | D:4      | Killed Sigmund
 18405 | D:4      | Found an iron altar of Okawaru.
 18416 | D:4      | Killed Blork the orc
 18628 | D:4      | Killed Menkaure
 19100 | D:7      | Banished a two-headed ogre
 19101 | D:7      | Reached XP level 12. HP: 12/77 MP: 0/19
 19591 | D:9      | Noticed a death yak
 20026 | D:9      | Noticed a death yak
 20033 | D:9      | Found a staircase to the Lair.
 20033 | D:9      | Noticed a death yak
 20538 | D:8      | Killed a death yak
 20539 | D:8      | Reached skill level 7 in Maces & Flails
 20644 | D:8      | Killed a death yak
 20645 | D:8      | Reached skill level 5 in Bows
 20645 | D:8      | Reached skill level 5 in Spellcasting
 21247 | D:9      | Killed a death yak
 21303 | Lair:1   | Entered Level 1 of the Lair of Beasts
 21308 | Lair:1   | Identified the ring of Pride {*Corrode *Slow AC+4 Str+8}
 21988 | D:10     | Killed a two-headed ogre
 22639 | D:11     | Noticed a two-headed ogre
 22689 | D:11     | Killed a two-headed ogre
 22690 | D:11     | Reached skill level 8 in Maces & Flails
 24108 | D:12     | Found a runed translucent gate.
 24108 | D:12     | Noticed a centaur warrior
 24108 | D:12     | Noticed a naga warrior
 24108 | D:12     | Noticed a tengu warrior
 24108 | D:12     | Noticed a centaur warrior
 24109 | D:12     | Noticed pkoi's ghost (novice TrMo)
 24110 | D:12     | Found a runed translucent gate.
 24110 | D:12     | Found a runed translucent gate.
 24110 | D:12     | Found the +14 obsidian axe {vorpal, Drain Fly SInv}
 24769 | D:12     | Reached XP level 13. HP: 52/83 MP: 10/22
 24966 | D:12     | Found an iron altar of Okawaru.
 26401 | Orc:1    | Entered Level 1 of the Orcish Mines
 26575 | Lair:1   | Noticed Erica
 26911 | Lair:2   | Reached skill level 5 in Evocations
 27019 | Lair:2   | Reached ***** piety under Lugonu
 27111 | Lair:2   | Found the +9 staff of Olgreb {rPois∞}
 27474 | Lair:2   | Reached skill level 9 in Maces & Flails
 27499 | Lair:2   | Identified the +10 spear "Todyijaje" {venom, rC+ Str+4}
 27591 | Lair:3   | Found a frozen archway.
 27660 | Lair:3   | Noticed Urug
 27761 | Lair:3   | Reached skill level 1 in Polearms
 28169 | IceCv    | Entered an ice cave
 28313 | IceCv    | Reached skill level 1 in Conjurations
 28830 | IceCv    | Learned a level 2 spell: Passwall
 29311 | IceCv    | Reached skill level 1 in Earth Magic
 29890 | IceCv    | Noticed a frost giant
 30182 | IceCv    | Reached skill level 10 in Maces & Flails
 30182 | IceCv    | Reached XP level 14. HP: 90/90 MP: 19/23
 30413 | IceCv    | Corrupted IceCv
 30413 | IceCv    | Noticed a bone dragon
 30413 | IceCv    | Noticed a tentacled starspawn
 30413 | IceCv    | Noticed a white very ugly thing
 30414 | IceCv    | Noticed a starcursed mass
 30414 | IceCv    | Mangled by a thrashing horror

Illustrated notes

Levels and vault maps discovered:
D:1:      erik_arrival_cave_to_civilisation [erik_arrival_cave_to_temple],
          layout_basic, basic_ecumenical_altar, st_stairs_10
D:2:      layout_loops_ring, serial_shops, shop, grunt_ministairs_10,
          uniq_robin, uniq_jessica
D:3:      layout_basic, overflow_temple_1_default, mainiacjoe_overflow_alcove_1,
          portal_sewer_entry_c, chequers_serial_rivers_micro_a
D:4:      layout_rooms, amcnicky_altar_gilded, uniq_blork_the_orc, uniq_pikel,
          uniq_menkaure, uniq_sigmund
D:5:      layout_loops_ring, grunt_ministairs_9, uniq_duvessa
D:6:      layout_gridville, lemuel_round_altar, minmay_temple_entry_purple_smoke
D:7:      layout_rooms, nicolae_sif_muna_little_library,
          mainiacjoe_overflow_six_doors_small, corexii_item_surrounded_by_moat,
          minmay_misc_feat_more_columns, grunt_ministairs_8,
          kennysheep_generic_room_9
D:8:      layout_cave_pools, kennysheep_little_box,
          mainiacjoe_overflow_chevrons, nicolae_qazlal_style_of_elements
D:9:      layout_basic, dpeg_lair_monsters, serial_shops,
          nicolae_shop_overgrown_old_shop, shop, nicolae_shop_stone,
          bh_circular_ruins
D:10:     layout_grid_maze, orc_0_dummy, enter_bailey_5
D:11:     layout_stronghold
D:12:     layout_small_grid, gammafunk_ghost_fury_of_okawaru
D:13:     layout_long_grid
Temple:   nicolae_temple_figure_eight
Lair:1:   cheibrodos_lair_river_kwai, layout_concentric_octagons, uniq_nergalle,
          uniq_erica
Lair:2:   layout_long_grid
Lair:3:   layout_chaotic_city, portal_ice_cave_entry_ice_simulacra,
          serial_bayou_shore_b, uniq_urug
Orc:1:    layout_caves, nicolae_orc_crystal_geode
IceCv:    ice_cave_small_giant

Skill      XL: |  1  2  3  4  5  6  7  8  9 10 11 12 13 14 |
---------------+-------------------------------------------+-----
Unarmed Combat | 3 4 5 6 |  6.0
Stealth        | 2 3 4 5 8 9 |  9.0
Spellcasting   | 1 2 3 4 6 7 |  7.0
Dodging        | 3 4 5 |  5.4
Poison Magic   | 2 4 6 7 |  7.0
Throwing       | 2 |  2.0
Ice Magic      | 1 4 5 6 7 |  7.1
Invocations    | 3 4 6 8 9 |  9.0
Maces & Flails | 1 2 6 8 10 | 10.0
Evocations     | 2 4 5 |  5.7
Fighting       | 4 5 6 |  6.0
Shields        | 5 7 8 |  8.0
Hexes          | 2 |  2.0
Bows           | 4 6 |  6.0
Transmutations | 2 3 |  3.0
Air Magic      | 1 |  1.0
Polearms       | 2 |  2.0
Conjurations   | 2 |  2.0
Earth Magic    | 1 |  1.0

Action                   |  1- 3 |  4- 6 |  7- 9 | 10-12 | 13-15 || total
-------------------------+-------+-------+-------+-------+-------++-------
Melee: Unarmed           |    63 |   154 |    70 |     7 |    70 ||   364
       Constrict         |    21 |    41 |    39 |    37 |    17 ||   155
       Tentacles         |    13 |    24 |    27 |    58 |    35 ||   157
       Punch             |       |     6 |     6 |    19 |     1 ||    32
       Dagger            |       |       |    10 |     2 |       ||    12
       Whip              |       |       |    39 |   271 |    86 ||   396
       Short sword       |       |       |   101 |    14 |       ||   115
       Staff             |       |       |       |       |    37 ||    37
       Spear             |       |       |       |       |    35 ||    35
 Fire: Shortbow          |       |       |       |   214 |    46 ||   260
Throw: Stone             |    49 |    59 |    32 |       |       ||   140
       Boomerang         |       |     6 |     2 |    21 |    19 ||    48
       Dart              |       |    12 |    77 |    25 |    10 ||   124
 Cast: Freeze            |       |     1 |       |       |       ||     1
       Frozen Ramparts   |       |       |     7 |    24 |    21 ||    52
       Poisonous Vapours |       |       |       |    26 |     5 ||    31
       Ozocubu's Armour  |       |       |       |     9 |    16 ||    25
       Olgreb's Toxic Ra |       |       |       |    47 |    53 ||   100
       Slow              |       |       |       |     5 |       ||     5
       Ice Form          |       |       |       |     4 |    11 ||    15
       Passwall          |       |       |       |       |     2 ||     2
Invok: Depart the Abyss  |     1 |       |       |       |       ||     1
       Bend Space        |       |       |    27 |    26 |    11 ||    64
       Banish            |       |       |       |    12 |     8 ||    20
       Corrupt           |       |       |       |       |     1 ||     1
 Abil: End Transformatio |       |       |       |     1 |     7 ||     8
Evoke: Wand              |     1 |     3 |     5 |     4 |     6 ||    19
       Staff of Olgreb   |       |       |       |       |     2 ||     2
       Phantom mirror    |       |       |       |       |     1 ||     1
  Use: Scroll            |       |     1 |     7 |     6 |     5 ||    19
       Potion            |       |     3 |     5 |     5 |     1 ||    14
 Stab: Sleeping          |     3 |     4 |    12 |     6 |     4 ||    29
       Distracted        |       |       |       |     1 |     1 ||     2
       Invisible         |       |       |       |       |     1 ||     1
Armor: Skin              |       |     8 |    13 |    14 |    54 ||    89
Dodge: Dodged            |    20 |    59 |   165 |   199 |   106 ||   549
Block: Kite shield       |       |       |       |       |    49 ||    49
